 Seeded DCSS version 0.30-a0-23-ge60ba3568b (webtiles) character file.

Game seed: 15269707715851918857 (custom seed)

153 SensoryNuts the Chopper (level 5, 0/69 HPs)
             Began as a Hill Orc Fighter on Aug 24, 2022.
             Succumbed to a kobold's poison
             ... on level 3 of the Dungeon.
             The game lasted 00:02:49 (3750 turns).

SensoryNuts the Chopper (Hill Orc Fighter)          Turns: 3750, Time: 00:02:50

Health: 0/69       AC: 22    Str: 21    XL:     5   Next: 35%
Magic:  5/5        EV:  2    Int:  6    God:
Gold:   90         SH:  4    Dex: 10    Spells: 4/4 levels left

rFire   . . .      SeeInvis .    a - +0 war axe
rCold   . . .      Faith    .    c - +0 buckler
rNeg    . . .      Spirit   .    (body armour currently unavailable)
rPois   +          Reflect  .    (helmet currently unavailable)
rElec   .          Harm     .    (cloak currently unavailable)
rCorr   .          Rampage  .    (gloves currently unavailable)
Will    .....      NoTele   +    (boots currently unavailable)
Stlth   +.........               (no amulet)
HPRegen 0.21/turn                j - ring of flight
MPRegen 0.09/turn                (no ring)

@: mighty, lethally poisoned (0 -> -1), tree-form, attractive
A: stationary, stasis, torment immunity, boosted hp, (deformed body), dopey 1
a: no special abilities


You were on level 3 of the Dungeon.
You were a tree.
You visited 1 branch of the dungeon, and saw 3 of its levels.

You collected 90 gold pieces.

Inventory:

Hand Weapons
 a - a +0 war axe (weapon)
Armour
 b - a +0 scale mail (melded)
 c - a +0 buckler (worn)
 l - a +0 cloak (melded)
Jewellery
 j - a ring of flight (left branch)
Scrolls
 f - a scroll of amnesia
 i - 3 scrolls of teleportation
Potions
 e - a potion of magic
 g - 2 potions of mutation
 k - a potion of attraction


   Skills:
 + Level 4.2 Fighting
 * Level 5.5 Axes
 + Level 4.0 Armour
 + Level 0.4 Dodging
 + Level 3.7 Shields


You had 4 spell levels left.
You didn't know any spells.
Your spell library was empty.

Dungeon Overview and Level Annotations

Branches:
Dungeon (3/15)

Altars:
Yredelemnul


Innate Abilities, Weirdness & Mutations

You are a tree.
Your roots penetrate the ground, keeping you stationary.
You cannot be teleported.
You are immune to unholy pain and torment.
Your maximum health is greatly increased.
Your equipment is partially melded.
((Armour fits poorly on your strangely shaped body.))
You are dopey. (Int -2)


Message History

Unknown command.
You miss the kobold brigand.
The kobold brigand is severely wounded.
* * * LOW HITPOINT WARNING * * *
You feel very sick.
The kobold brigand hits you with a +0 dagger.
* * * LOW HITPOINT WARNING * * *
You block the kobold brigand's attack.
It was a potion of attraction.
You feel attractive to monsters.
* * * LOW HITPOINT WARNING * * *
You feel sick. The kobold brigand misses you.
The kobold is attracted toward you.
It was a potion of lignification.
You turn into a tree.
Your +0 cloak melds into your body.
Your +0 scale mail melds into your body.
Your roots penetrate the ground.
You feel sick. You block the kobold's attack.
The kobold brigand hits you but does no damage.
It was a potion of magic.
Magic courses through your body.
You feel sick. The kobold hits you but does no damage.
The rat bites you but does no damage. You block the kobold brigand's attack.
You cannot teleport because you are held in place by your roots.
Unknown command.
You barely miss the kobold brigand.
The kobold brigand is severely wounded.
You slash the kobold!
You kill the kobold!
You closely miss the rat.
You feel sick. You block the rat's attack.
The kobold brigand hits you with a +0 dagger.
* * * LOW HITPOINT WARNING * * *
You slash the kobold brigand!
The kobold brigand is almost dead.
You slash the rat!
You kill the rat!
You feel sick.
The kobold brigand hits you with a +0 dagger.
* * * LOW HITPOINT WARNING * * *
You closely miss the kobold brigand.
The kobold brigand is almost dead.
You die...

...._.♣
##......##..........
.....⌠♣
#..........######..#
♣....♣#
##..........#######..
♣♣♣♣♣#
#....................
###.........<..........
###.....)......#.........
###..............##########
.........†......)##########
.........K♣......#.........
.........>.......#.########
........###................
........###................
.........##................
.........##......#.########
.........#.......#.#
.........#.......#.#
#........#.###'###.#


You could see a kobold brigand.

Vanquished Creatures
  Jessica (D:3)
  4 adders
  A gnoll (D:1)
  A worm (D:3)
  5 dart slugs
  3 orcs (D:3)
  9 bats
  5 endoplasms
  A giant cockroach (D:1)
  6 goblins
  A hobgoblin (D:1)
  2 quokkas
  3 ball pythons
  2 frilled lizards
  13 kobolds
  9 rats
66 creatures vanquished.

Notes
Turn   | Place    | Note
-------+----------+-------------------------------------------
     0 | D:1      | SensoryNuts the Hill Orc Fighter began the quest for the
                  | Orb.
     0 | D:1      | Reached XP level 1. HP: 19/19 MP: 1/1
    44 | D:1      | Found a faded altar of an unknown god.
   208 | D:1      | Reached XP level 2. HP: 27/27 MP: 2/2
   249 | D:1      | Reached skill level 3 in Axes
   499 | D:1      | Reached XP level 3. HP: 23/33 MP: 3/3
  1178 | D:1      | Gained mutation: You are dopey. (Int -2) [potion of
                  | mutation]
  1178 | D:1      | Gained mutation: Armour fits poorly on your strangely
                  | shaped body. [potion of mutation]
  1335 | D:2      | Reached skill level 4 in Axes
  1436 | D:2      | Reached XP level 4. HP: 38/40 MP: 4/4
  2103 | D:3      | Noticed Jessica
  2114 | D:3      | Reached skill level 5 in Axes
  2118 | D:3      | Killed Jessica
  2119 | D:3      | Reached XP level 5. HP: 36/46 MP: 5/5
  2191 | D:3      | Found a basalt altar of Yredelemnul.
  2545 | D:3      | Noticed a kobold brigand
  3731 | D:3      | Noticed a kobold brigand
  3749 | D:3      | HP: 1/69 [kobold brigand/+0 dagger (4)]
  3750 | D:3      | Succumbed to a kobold's poison

Illustrated notes

Levels and vault maps discovered:
D:1:      zaba_arrival_water, layout_loops_corners,
          ebering_ecumenical_altar_hall
D:2:      layout_basic
D:3:      minmay_goblin_kobold_castle, layout_basic, kennysheep_ying_yang,
          uniq_jessica, uniq_terence

Skill      XL: |  1  2  3  4  5 |
---------------+----------------+-----
Axes           | 3 4 5 |  5.5
Fighting       | 4 |  4.2
Armour         | 4 |  4.0
Dodging        | |  0.4
Shields        | |  3.7

Action                   |  1- 3 |  4- 6 || total
-------------------------+-------+-------++-------
Melee: War axe           |   101 |    79 ||   180
  Use: Potion            |     2 |     7 ||     9
       Scroll            |     2 |     2 ||     4
Armor: Scale mail        |    37 |    29 ||    66
       Skin              |       |     3 ||     3
Dodge: Dodged            |    56 |    29 ||    85
Block: Buckler           |    25 |    23 ||    48

Table legend: (Time is in decaauts)
 A = Elapsed time spent in this place.
 B = Non-inter-level travel time spent in this place.
 C = Inter-level travel time spent in this place.
 D = Time resting spent in this place.
 E = Time spent auto-exploring this place.
 F = Levels seen in this place.
 G = Mean time per level.
                   A        B        C        D        E       F      G
               +--------+--------+--------+--------+--------+-----+--------+
         Total |   3813 |   3749 |     64 |    973 |   2252 |   3 | 1271.0 |
       Dungeon |   3813 |   3749 |     64 |    973 |   2252 |   3 | 1271.0 |
               +--------+--------+--------+--------+--------+-----+--------+

Top non-repeatable levels by time:
     D:3: 1771 daAuts
     D:1: 1238 daAuts
     D:2: 803 daAuts
